 Dungeon Crawl Stone Soup version 0.29-a0-757-g358383bc75 (webtiles) character file.

Game seed: 7521495706522994510

2 cerdosky the Grave Robber (level 1, 0/11 HPs)
             Began as a Vampire Necromancer on June 30, 2022.
             Slain by a hobgoblin (3 damage)
             ... on level 1 of the Dungeon.
             The game lasted 00:14:20 (414 turns).

cerdosky the Grave Robber (Vampire Necromancer)      Turns: 414, Time: 00:14:20

Health: 0/11       AC:  2    Str:  7    XL:     1   Next: 33%
Magic:  1/3        EV: 12    Int: 17    God:
Gold:   0          SH:  0    Dex: 14    Spells: 3/4 levels left

rFire   . . .      SeeInvis +   (no weapon)
rCold   . . .      Faith    .   (no shield)
rNeg    . . .      Spirit   .   a - +0 robe
rPois   .          Reflect  .   (no helmet)
rElec   .          Harm     .   (no cloak)
rCorr   .          Rampage  .   (no gloves)
Will    .....                   (no boots)
Stlth   ++........              (no amulet)
HPRegen 0.23/turn               (no ring)
MPRegen 0.08/turn               (no ring)

@: healing quickly
A: alive, fangs 3, see invisible, vampiric 1, [frail 1]
a: Exsanguinate


You were on level 1 of the Dungeon.
You visited 1 branch of the dungeon, and saw 1 of its levels.

Inventory:

Missiles
 c - 11 stones
Armour
 a - a +0 robe (worn)
 e - a +0 ring mail
Scrolls
 d - a scroll of teleportation {unknown}
Potions
 b - a potion of magic


   Skills:
 * Level 0.1 Fighting
 + Level 2.2 Dodging
 + Level 3.0 Stealth
 - Level 2.0 Spellcasting
 - Level 4.4 Necromancy


You had 3 spell levels left.
You knew the following spells:

 Your Spells              Type           Power      Damage    Failure   Level
a - Necrotize             Necr           64%        1d7       3%          1

Your spell library contained the following spells:

 Spells                   Type           Power      Damage    Failure   Level
 Vampiric Draining        Necr           16%        2d7       10%         3
 Animate Dead             Necr           16%        N/A       30%         4
 Agony                    Necr           16%        N/A       65%         5


Dungeon Overview and Level Annotations

Branches:
Dungeon (1/15)

Altars:


Innate Abilities, Weirdness & Mutations

Your natural rate of healing is accelerated.
You have razor-sharp teeth.
You have supernaturally acute eyesight. (SInv)
You are afflicted with vampirism.
[You are frail. (-10% HP)]


Message History

The rat bites you but does no damage.
You hit the rat but do no damage. You bite the rat.
You kill the rat!
You see here a rat corpse.
A hobgoblin comes into view.
You begin the revivification ritual.
You continue your ritual.
The hobgoblin shouts!
The rat closely misses you.
You continue your ritual.
The rat bites you but does no damage.
Continue your ritual? [Y]es or [N]o only, please.
Continue your ritual?
Uppercase [Y]es or [N]o only, please.
Continue your ritual?
You continue your ritual.
The rat closely misses you.
You continue your ritual.
The rat barely misses you.
You continue your ritual.
The hobgoblin hits you. The rat bites you but does no damage.
You return to life.
You feel frail.
Casting: Necrotize (safe; 3% risk of failure)
Confirm with . or Enter, or press ? or * to list all spells.
Aiming: Necrotize (safe; 3% risk of failure)
Press: ? - help, Shift-Dir - straight line, f - hobgoblin
Aim: a hobgoblin (chance to affect: 86%)
The hobgoblin barely resists.
The hobgoblin closely misses you. The rat misses you.
Casting: Necrotize (safe; 3% risk of failure)
Confirm with . or Enter, or press ? or * to list all spells.
Aiming: Necrotize (safe; 3% risk of failure)
Press: ? - help, Shift-Dir - straight line, f/p - hobgoblin
Aim: a hobgoblin (chance to affect: 86%)
The hobgoblin writhes in agony.
The hobgoblin hits you. The rat bites you.
* * * LOW HITPOINT WARNING * * *
The hobgoblin hits you.
Keep bloodletting?
You die...

#.#.# ###.#.######
...........# #.#.......#
#.#.......#
###########.#.......####
....................'...
###........#.†.....####
#...@....#.......# #
#..gr....#.......# #
#........#.......####
#........#.......#...
#........#.......#...
#........#.......#...
#........#########...
.......... #... #...


You could see a hobgoblin and a rat.

Vanquished Creatures
  2 bats (D:1)
  A rat (D:1)
3 creatures vanquished.

Notes
Turn   | Place    | Note
-------+----------+-------------------------------------------
     0 | D:1      | cerdosky the Vampire Necromancer began the quest for the
                  | Orb.
     0 | D:1      | Reached XP level 1. HP: 13/13 MP: 3/3
   414 | D:1      | Slain by a hobgoblin

Illustrated notes

Levels and vault maps discovered:
D:1:      dpeg_arrival_pond, layout_basic

Action                   || total
-------------------------++-------
Melee: Unarmed           ||    22
       Bite              ||     2
       Punch             ||     1
 Cast: Necrotize         ||     4
 Abil: Exsanguinate      ||     2
       Revivify          ||     1
Armor: Robe              ||    17
Dodge: Dodged            ||    35

Table legend: (Time is in decaauts)
 A = Elapsed time spent in this place.
 B = Non-inter-level travel time spent in this place.
 C = Inter-level travel time spent in this place.
 D = Time resting spent in this place.
 E = Time spent auto-exploring this place.
 F = Levels seen in this place.
 G = Mean time per level.
                   A        B        C        D        E       F      G
               +--------+--------+--------+--------+--------+-----+--------+
         Total |    414 |    397 |     17 |      0 |      0 |   1 |  414.0 |
       Dungeon |    414 |    397 |     17 |      0 |      0 |   1 |  414.0 |
               +--------+--------+--------+--------+--------+-----+--------+

Top non-repeatable levels by time:
     D:1: 414 daAuts
